 Dungeon Crawl Stone Soup version 0.28.0 (webtiles) character file.

Game seed: 9520415689321815482

25 Morbidden the Firebug (level 2, -7/20 HPs)
             Began as a Demonspawn Fire Elementalist on Feb 15, 2022.
             Mangled by a gnoll (12 damage)
             ... on level 1 of the Dungeon.
             The game lasted 00:01:10 (1804 turns).

Morbidden the Firebug (DsFE)                        Turns: 1804, Time: 00:01:10

Health: -7/20      AC:  2    Str:  8    XL:     2   Next: 82%
Magic:  5/5        EV: 12    Int: 16    God:
Gold:   38         SH:  0    Dex: 13    Spells: 4/5 levels left

rFire   . . .      SeeInvis .   a - +1 dagger (freeze)
rCold   . . .      Faith    .   (no shield)
rNeg    . . .      Spirit   .   c - +0 robe
rPois   .          Reflect  .   (no helmet)
rElec   .          Harm     .   (no cloak)
rCorr   .          Rampage  .   (no gloves)
Will    .....                   (no boots)
Stlth   ++........              (no amulet)
HPRegen 0.06/turn               (no ring)
MPRegen 0.09/turn               (no ring)

@: no status effects
A: powered by pain 1
a: no special abilities


You were on level 1 of the Dungeon.
You visited 1 branch of the dungeon, and saw 2 of its levels.

You collected 38 gold pieces.

Inventory:

Hand Weapons
 a - a +1 dagger of freezing (weapon)
Armour
 c - a +0 robe (worn)
Scrolls
 b - a scroll of torment {unknown}
Potions
 d - a potion of curing {unknown}
 e - a potion of mutation {unknown}
 f - 2 potions of heal wounds {unknown}


   Skills:
 * Level 0.8 Fighting
 + Level 1.8 Dodging
 + Level 1.7 Stealth
 * Level 2.3 Spellcasting
 * Level 1.3 Conjurations
 * Level 3.1 Fire Magic


You had 4 spell levels left.
You knew the following spells:

 Your Spells              Type           Power      Damage    Failure   Level
a - Foxfire               Conj/Fire      36%        2x1d5     8%          1

Your spell library contained the following spells:

 Spells                   Type           Power      Damage    Failure   Level
 Scorch                   Fire           22%        2d6       9%          2
 Conjure Flame            Conj/Fire      9%         6-21      24%         3
 Inner Flame              Hex/Fire       6%         N/A       32%         3
 Gell's Gravitas          Tloc           1%         N/A       52%         3
 Lesser Beckoning         Tloc           1%         N/A       52%         3
 Teleport Other           Tloc           1%         N/A       52%         3
 Flame Wave               Conj/Fire      9%         2d5       61%         4


Dungeon Overview and Level Annotations

Branches:
Dungeon (2/15)

Altars:

Shops:
D:2 =


Innate Abilities, Weirdness & Mutations

You sometimes gain a little power by taking damage.


Message History

The gnoll shouts!
There is a fountain of clear blue water here.
A gnoll comes into view. It is wielding a +0 flail.
A gnoll comes into view. It is wielding a +0 club. x2
The gnoll moves out of view.
Casting: Foxfire (safe; 8% risk of failure)
Confirm with . or Enter, or press ? or * to list all spells.
You conjure some foxfire!
The gnoll shouts! x2
The foxfire hits the gnoll.
The gnoll is lightly wounded.
The foxfire hits the gnoll.
The gnoll is moderately wounded.
Unknown command.
Casting: Foxfire (safe; 8% risk of failure)
Confirm with . or Enter, or press ? or * to list all spells.
You conjure some foxfire!
The gnoll shouts!
The gnoll hits you with a +0 club.
The foxfire hits the gnoll.
The gnoll is moderately wounded.
The foxfire hits the gnoll.
The gnoll is moderately wounded.
The gnoll hits you with a +0 club.
Unknown command.
Unknown command.
There is an entrance to Guamn's Jewellery Shoppe here.
There is a fountain of clear blue water here.
Found a spear.
The gnoll barely misses you.
There is a stone staircase leading up here.
The gnoll hits you with a +0 flail!
* * * LOW HITPOINT WARNING * * *
The gnoll barely misses you.
You climb upwards.
There is a stone staircase leading down here.
Okay, then.
The gnoll hits you with a +0 flail!
Ouch! That really hurt!
You die...

#...##........#####
##..##............##
#..>..........###..#######
#.##.#........##≈....≈≈..≈
#.##.####...#.#..≈≈≈≈≈≈≈≈≈
#.##.# ###.#...≈#'#≈≈≈≈≈≈
######.##.######.#.≈≈≈#.#≈≈≈≈≈≈
#......##...gg.#.#..≈≈#>#≈≈##≈≈
##.###########@#.#.≈≈≈###≈≈##≈≈
#.# #.#.#.≈≈≈≈≈≈≈≈≈≈≈≈ #.#
#.#.#..≈#####≈≈≈≈≈ #.#
#.#.#.≈≈#...#≈≈≈≈≈ #.#
#.#.#..≈#.<.# ≈≈ #.#
#######.#.#..≈#.>.# #.#
#............≈'...# ≈≈
#.#####.######.#.#.≈#####≈≈≈
#.......# #....≈≈≈≈≈≈≈≈≈≈


You could see 2 gnolls.

Vanquished Creatures
  3 dart slugs (D:1)
  2 bats (D:1)
  3 goblins (D:1)
  A kobold (D:1)
  2 quokkas (D:1)
  3 ball pythons (D:1)
  4 rats (D:1)
18 creatures vanquished.

Vanquished Creatures (others)
  95 foxfires
95 creatures vanquished.

Grand Total: 113 creatures vanquished

Notes
Turn   | Place    | Note
-------+----------+-------------------------------------------
     0 | D:1      | Morbidden the Demonspawn Fire Elementalist began the quest
                  | for the Orb.
     0 | D:1      | Reached XP level 1. HP: 13/13 MP: 3/3
   549 | D:1      | Gained mutation: You sometimes gain a little power by
                  | taking damage. [demonic ancestry]
   549 | D:1      | Reached XP level 2. HP: 18/20 MP: 0/5
   830 | D:1      | Reached skill level 3 in Fire Magic
  1249 | D:1      | Found a faded altar of an unknown god.
  1775 | D:2      | Found Guamn's Jewellery Shoppe.
  1804 | D:1      | Mangled by a gnoll

Illustrated notes

Levels and vault maps discovered:
D:1:      minmay_arrival_floating_metal, layout_basic,
          shapermc_ecumenical_altar_hornbeckon
D:2:      layout_rooms, serial_shops, shop_fountains,
          minmay_misc_feat_more_columns, uniq_terence

Skill      XL: |  1  2 |
---------------+-------+-----
Fire Magic     | 3 |  3.1
Fighting       | |  0.8
Dodging        | |  1.8
Stealth        | |  1.7
Spellcasting   | |  2.3
Conjurations   | |  1.3

Action                   || total
-------------------------++-------
Melee: Dagger            ||    14
 Cast: Foxfire           ||    64
 Stab: Sleeping          ||     1
Dodge: Dodged            ||    11
